 Dungeon Crawl Stone Soup version 0.29.1-4-g47bece8355 (webtiles) character file.

Game seed: 14905458763817184507

1225 GigaChad the Chopper (level 8, -6/69 HPs)
             Began as a Minotaur Fighter on Dec 7, 2022.
             Mangled by a gnoll
             ... wielding a +0 spear
              (7 damage)
             ... on level 6 of the Dungeon.
             The game lasted 00:06:12 (6910 turns).

GigaChad the Chopper (Minotaur Fighter)             Turns: 6910, Time: 00:06:12

Health: -6/69      AC:  8    Str: 23      XL:     8   Next: 23%
Magic:  7/7        EV: 10    Int: 11      God:
Gold:   281        SH:  4    Dex:  7 (10) Spells: 7/7 levels left

rFire   . . .      SeeInvis .   a - +0 war axe
rCold   . . .      Faith    .   c - +0 buckler
rNeg    . . .      Spirit   .   b - +0 scale mail
rPois   .          Reflect  .   (helmet restricted)
rElec   .          Harm     .   (no cloak)
rCorr   .          Rampage  .   (no gloves)
Will    .....                   (no boots)
Stlth   ..........              (no amulet)
HPRegen 0.21/turn               l - +6 ring of intelligence
MPRegen 0.10/turn               (no ring)

@: no status effects
A: horns 2, retaliatory headbutt
a: no special abilities


You were on level 6 of the Dungeon.
You visited 1 branch of the dungeon, and saw 6 of its levels.

You collected 281 gold pieces.

Inventory:

Hand Weapons
 a - a +0 war axe (weapon)
 v - a +0 great sword
Missiles
 q - 5 poisoned darts (quivered)
 r - 3 throwing nets
Armour
 b - a +0 scale mail (worn)
 c - a +0 buckler (worn)
 w - an orb of light
Jewellery
 j - a ring of poison resistance
 l - a +6 ring of intelligence (left hand)
 x - a ring of protection from fire
 z - a ring of fire
Wands
 n - a wand of paralysis (8)
Scrolls
 f - 2 scrolls of identify {unknown}
 g - 3 scrolls of enchant weapon {unknown}
 h - a scroll of amnesia {unknown}
 i - 2 scrolls of teleportation {unknown}
 k - a scroll of vulnerability {unknown}
 m - 2 scrolls of enchant armour {unknown}
 p - a scroll of summoning {unknown}
 y - a scroll of blinking {unknown}
Potions
 d - 2 potions of might
 e - a potion of brilliance {unknown}
 o - 2 potions of curing {unknown}
 s - a potion of attraction {unknown}
 t - a potion of haste {unknown}
 u - a potion of cancellation {unknown}


   Skills:
 + Level 5.6 Fighting
 + Level 7.7 Axes
 + Level 7.5 Armour
 - Level 1.8 Dodging
 - Level 0.3 Stealth
 * Level 5.5 Shields


You had 7 spell levels left.
You didn't know any spells.
Your spell library contained the following spells:

 Spells                   Type           Power      Damage    Failure   Level
 Apportation              Tloc           0%         N/A       71%         1
 Beastly Appendage        Tmut           0%         N/A       71%         1
 Necrotise                Necr           0%         1d4       71%         1
 Summon Small Mammal      Summ           0%         N/A       71%         1
 Static Discharge         Conj/Air       0%         3-3/arc   83%         2
 Wereblood                Tmut           0%         N/A       83%         2
 Dazzling Flash           Conj/Hex       0%         N/A       97%         3
 Spider Form              Tmut/Pois      0%         N/A       97%         3
 Agony                    Necr           0%         N/A       100%        5
 Lightning Bolt           Conj/Air       0%         1d11      100%        5
 Silence                  Hex/Air        0%         N/A       100%        5
 Maxwell's Capacitive Co  Air            0%         ∞         100%        8


Dungeon Overview and Level Annotations

Branches:
Dungeon (6/15)
 Temple: D:4-7

Altars:
Sif Muna
Vehumet

Shops:
D:3 [   D:4 (

Annotations:
D:3 2 transporters, exclusion: statue, FrankDuskstone's ghost, weakling MeEE
D:4 2 transporters, sigtrap's ghost, amateur MiHu
D:6 Eustachio


Innate Abilities, Weirdness & Mutations

You have a pair of horns on your head.
You reflexively headbutt those who attack you in melee.


Message History

Eustachio mumbles some strange words.
The crimson imp blinks!
The quasit barely misses you.
The quasit claws you but does no damage. x2
The quasit attacks as you move away! The quasit bites you.
* * * LOW HITPOINT WARNING * * *
You feel clumsy.
The quasit claws you but does no damage.
The quasit misses you. The crimson imp hits you.
* * * LOW HITPOINT WARNING * * *
The bat hits you but does no damage.
You closely miss the quasit.
The quasit is severely wounded.
You barely miss the crimson imp. You hit Eustachio but do no damage.
You miss the bat.
The crimson imp disappears in a puff of smoke!
The bat closely misses you. You block Eustachio's attack.
The quasit barely misses you. The quasit closely misses you.
The quasit claws you but does no damage.
The bat barely misses you.
Eustachio mumbles some strange words.
The bat attacks as you move away! The bat closely misses you.
The river rat disappears in a puff of smoke!
The bat hits you.
* * * LOW HITPOINT WARNING * * *
You block the bat's attack. The quasit closely misses you.
The quasit claws you but does no damage.
The quasit barely misses you. You block the quasit's attack.
The quasit completely misses you. The quasit misses you.
The gnoll barely misses you. x2; Eustachio hits you with a +0 rapier.
* * * LOW HITPOINT WARNING * * *
You slash Eustachio! Your headbutt misses Eustachio.
Eustachio is almost dead.
You closely miss the quasit. You hit the bat. The bat barely misses you.
The bat closely misses you. x2
The quasit bites you but does no damage.
The quasit barely misses you. x2
The gnoll hits you from afar with a +0 spear.
* * * LOW HITPOINT WARNING * * *
The gnoll hits you from afar with a +0 spear!
You die...

#$#
...#.#########.#########
#...#...........##......
#.....................#
......?...............#
......................#
...........g.§.b......#
...........g@@........#
#.#........5b.#......#
#.........grr.#...#### #
#.............#...†..##.#
#......####+###...†.....#
#....... #....#.####
......... #....#.#
.......... .......#.#
.......... ........#.#


You could see Eustachio, a quasit (summoned), 3 gnolls, 2 quokkas and 2 bats.

Vanquished Creatures
  Sigmund (D:5)
  Edmund (D:4)
  Duvessa (D:4)
  An ogre (D:5)
  2 kobold brigands (D:4)
  A bullfrog (D:6)
  A necrophage (D:5)
  Dowan (D:4)
  A jelly (D:6)
  2 orc priests
  An iguana (D:6)
  2 orc wizards
  4 adders
  11 gnolls (D:4)
  A white imp (D:5)
  An ufetubus (D:5)
  4 worms
  3 dart slugs
  18 orcs
  4 ball pythons
  5 bats
  5 endoplasms
  7 giant cockroaches
  2 goblins (D:4)
  4 hobgoblins
  6 jackals
  11 kobolds
  3 quokkas
  3 frilled lizards
  3 rats
110 creatures vanquished.

Notes
Turn   | Place    | Note
-------+----------+-------------------------------------------
     0 | D:1      | GigaChad the Minotaur Fighter began the quest for the Orb.
     0 | D:1      | Reached XP level 1. HP: 19/19 MP: 0/0
   399 | D:1      | Reached XP level 2. HP: 27/27 MP: 1/1
   532 | D:1      | Found a faded altar of an unknown god.
  1438 | D:2      | Reached XP level 3. HP: 33/33 MP: 2/2
  1446 | D:2      | You fall into a shaft and drop 1 floor!
  1631 | D:3      | Reached XP level 4. HP: 40/40 MP: 3/3
  1663 | D:3      | Found a transporter.
  1664 | D:3      | Noticed FrankDuskstone's ghost (weakling MeEE)
  1666 | D:3      | Noticed a kobold brigand
  1672 | D:3      | Found a transporter.
  2020 | D:3      | Found Anayss's Antique Armour Shoppe.
  2069 | D:3      | Found a radiant altar of Vehumet.
  2069 | D:3      | Noticed a charred statue
  2684 | D:4      | Noticed Duvessa
  2684 | D:4      | Noticed Dowan
  2691 | D:4      | Killed Duvessa
  2692 | D:4      | Reached skill level 5 in Armour
  2692 | D:4      | Reached skill level 1 in Dodging
  2692 | D:4      | Reached XP level 5. HP: 31/46 MP: 4/4
  3142 | D:4      | Killed Dowan
  3143 | D:4      | Reached skill level 5 in Axes
  3143 | D:4      | Reached XP level 6. HP: 13/53 MP: 5/5
  3623 | D:4      | Found a transporter.
  3623 | D:4      | Noticed sigtrap's ghost (amateur MiHu)
  3623 | D:4      | Identified the +9 great mace of Juneeb {protect, MP+9 Int+2
                  | Stlth+}
  3950 | D:4      | Found Plog's Weapon Boutique.
  4330 | D:4      | Found a transporter.
  4346 | D:4      | Noticed Edmund
  4360 | D:4      | Killed Edmund
  4361 | D:4      | Reached XP level 7. HP: 12/60 MP: 6/6
  4669 | D:4      | Found a shimmering blue altar of Sif Muna.
  4898 | D:4      | Reached skill level 5 in Fighting
  5269 | D:5      | Entered Level 5 of the Dungeon
  5453 | D:5      | Noticed Sigmund
  5472 | D:5      | Killed Sigmund
  5473 | D:5      | Reached skill level 5 in Shields
  5825 | D:5      | Reached XP level 8. HP: 63/68 MP: 7/7
  6877 | D:6      | Noticed Eustachio
  6909 | D:6      | HP: 3/69 [Eustachio/+0 rapier (1)]
  6910 | D:6      | HP: 1/69 [gnoll/+0 spear (2)]
  6910 | D:6      | Mangled by a gnoll

Illustrated notes

Levels and vault maps discovered:
D:1:      doesnt_arrival_eight_statues, layout_loops_corners,
          chequers_ecumenical_altar_simple_redux
D:2:      layout_basic
D:3:      layout_rooms, vehumet_statue, gammafunk_ghost_arena, serial_shops,
          shop, nicolae_titane
D:4:      cheibrodos_thug_alley, layout_rooms, led_sif_pool, serial_shops,
          nicolae_shop_bloodbath_and_beyond, gammafunk_ghost_smash,
          minmay_misc_feat_x, uniq_edmund, uniq_duvessa
D:5:      layout_basic, uniq_sigmund
D:6:      layout_basic, makhleb_altar_promises_db, kennysheep_generic_room_4,
          uniq_eustachio

Skill      XL: |  1  2  3  4  5  6  7 |
---------------+----------------------+-----
Shields        | 4 5 |  5.5
Axes           | 3 4 5 6 7 |  7.7
Fighting       | 4 5 |  5.6
Armour         | 4 5 6 7 |  7.5
Dodging        | 1 |  1.8
Stealth        | |  0.3

Action                   |  1- 3 |  4- 6 |  7- 9 || total
-------------------------+-------+-------+-------++-------
Melee: War axe           |    69 |   117 |   104 ||   290
       Headbutt          |     6 |    17 |    18 ||    41
Armor: Scale mail        |    31 |    59 |    76 ||   166
Dodge: Dodged            |    35 |    70 |   100 ||   205
Block: Buckler           |    19 |    33 |    36 ||    88
